 Dungeon Crawl Stone Soup version 0.25-a0-930-g9f5dfa9815 (webtiles) character file.

Game seed: 5130505951442692833, levelgen mode: classic

16 Amnesiac the Digger (level 2, 0/20 HPs)
             Began as a Ghoul Earth Elementalist on May 4, 2020.
             Slain by an adder (1 damage)
             ... on level 4 of the Dungeon.
             The game lasted 00:01:14 (477 turns).

Amnesiac the Digger (Ghoul Earth Elementalist)       Turns: 477, Time: 00:01:14

Health: 0/20       AC:  3    Str: 11    XL:     2   Next: 54%
Magic:  0/4        EV: 12    Int: 10    God:
Gold:   14         SH:  0    Dex:  9    Spells: 4/5 levels left

rFire    . . .     SeeInvis .   a - +1 dagger (venom)
rCold    + . .     Gourm    .   (no shield)
rNeg     + + +     Faith    .   c - +0 robe
rPois    ∞         Spirit   .   (no helmet)
rElec    .         Reflect  .   (no cloak)
rCorr    .         Harm     .   (no gloves)
MR       .....                  i - +0 pair of boots
Stlth    ++........             (no amulet)
HPRegen  0.00/turn              (no ring)
MPRegen  0.09/turn              (no ring)

@: very slightly contaminated, rotting
A: rotting body, claws 1, carnivore, cold resistance 1, negative energy
resistance 3, inhibited regeneration, torment resistance, unbreathing
a: no special abilities


You were on level 4 of the Dungeon.
You were not hungry.

You visited 1 branch of the dungeon, and saw 4 of its levels.

You collected 14 gold pieces.

Inventory:

Hand Weapons
 a - a +1 dagger of venom (weapon)
Missiles
 b - 27 stones (quivered)
Armour
 c - a +0 robe (worn)
 i - a +0 pair of boots (worn)
Jewellery
 g - a +4 ring of protection {unknown}
Scrolls
 e - 2 scrolls of amnesia {!r, unknown}
Potions
 h - a potion of resistance {!q, unknown}
 j - a potion of mutation {!q, unknown}
Comestibles
 d - 3 rations
 f - a chunk of flesh


   Skills:
 - Level 1.7 Dodging
 - Level 2.1 Stealth
 + Level 2.0 Spellcasting
   Level 0.8 Transmutations
 * Level 4.0 Earth Magic


You had 4 spell levels left.
You knew the following spells:

 Your Spells              Type           Power        Failure   Level  Hunger
a - Sandblast             Erth           #.....       6%          1    ##.....

Your spell library contained the following spells:

 Spells                   Type           Power        Failure   Level  Hunger
 Passwall                 Tmut/Erth      #.......     17%         2    ###....
 Stone Arrow              Conj/Erth      #.....       38%         3    ####...
 Petrify                  Tmut/Erth      #.......     75%         4    #####..
 Lee's Rapid Deconstruct  Erth           #.........   86%         5    ######.


Dungeon Overview and Level Annotations

Branches:
Dungeon (4/15)
 Temple: D:4-7

Altars:


Innate Abilities, Weirdness & Mutations

Your body is rotting away.
You thrive on raw meat.
You are immune to poison.
You have sharp fingernails.
You are carnivorous and can eat meat at any time.
Your flesh is cold resistant. (rC+)
You are immune to negative energy. (rN+++)
You do not regenerate when monsters are visible.
You are immune to unholy pain and torment.
You can survive without breathing.


Message History

Casting: Sandblast (safe; 6% risk of failure)
Confirm with . or Enter, or press ? or * to list all spells.
You don't know that spell.
Unknown command.
Casting: Sandblast (safe; 6% risk of failure)
Confirm with . or Enter, or press ? or * to list all spells.
Aiming: Sandblast (safe; 6% risk of failure)
Press: ? - help, Shift-Dir - straight line, f - adder
Aim: an adder You miscast Sandblast.
You are very lightly contaminated with residual magic.
Nothing appears to happen.
The adder closely misses you. The ball python bites you.
* * * LOW HITPOINT WARNING * * *
The ball python grabs you. The ball python constricts you.
The adder barely misses you.
Eat one of 3 chunks of flesh? (ye/n/q)
You eat one of the 3 chunks of flesh.
You feel more resilient.
This raw flesh tastes great!
The ball python bites you.
* * * LOW HITPOINT WARNING * * *
x2 The ball python constricts you.
The adder bites you but does no damage.
Casting: Sandblast (safe; 6% risk of failure)
Confirm with . or Enter, or press ? or * to list all spells.
Aiming: Sandblast (safe; 6% risk of failure)
Press: ? - help, Shift-Dir - straight line, f - worm, p - adder
Aim: a worm You miscast Sandblast.
Nothing appears to happen.
The ball python barely misses you.
* * * LOW HITPOINT WARNING * * *
The ball python constricts you. The adder bites you.
* * * LOW HITPOINT WARNING * * *
The ball python bites you.
* * * LOW HITPOINT WARNING * * *
The ball python constricts you.
Unknown command.
Eat one of 2 chunks of flesh? (ye/n/q)
You eat one of the 2 chunks of flesh.
This raw flesh tastes great!
The adder bites you but does no damage.
The ball python bites you but does no damage.
* * * LOW HITPOINT WARNING * * *
The ball python constricts you. The adder barely misses you.
Casting: Sandblast (safe; 6% risk of failure)
Confirm with . or Enter, or press ? or * to list all spells.
Aiming: Sandblast (safe; 6% risk of failure)
Press: ? - help, Shift-Dir - straight line, f - ball python, p - worm
Aim: a ball python (constricting you)
The blast of sand misses the ball python.
b - 28 stones The adder bites you.
* * * LOW HITPOINT WARNING * * *
The ball python bites you but does no damage.
The ball python constricts you.
Unknown command.
Casting: Sandblast (safe; 6% risk of failure)
Confirm with . or Enter, or press ? or * to list all spells.
Aiming: Sandblast (safe; 6% risk of failure)
Press: ? - help, Shift-Dir - straight line, f/p - ball python
Aim: a ball python (constricting you)
The blast of sand hits the ball python!
You kill the ball python!
Your Earth Magic skill increases to level 4!
b - 27 stones The adder bites you.
You die...

#.# .#.# ######....
#@≈≈≈≈....O...#
#S≈≈≈≈##......##
#w≈≈≈.##........
#≈≈...##......##.
#≈....##.#.#..<..
#.....#..........
#................
#.##...........#....
#...........<.......


You could see a worm and an adder.

Vanquished Creatures
  An ooze (D:1)
  2 ball pythons
  2 giant cockroaches (D:2)
  A goblin (D:1)
  A hobgoblin (D:1)
  2 bats
  2 frilled lizards
11 creatures vanquished.

Notes
Turn   | Place    | Note
-------+----------+-------------------------------------------
     0 | D:1      | Amnesiac the Ghoul Earth Elementalist began the quest for
                  | the Orb.
     0 | D:1      | Reached XP level 1. HP: 14/14 MP: 2/2
   298 | D:1      | Reached XP level 2. HP: 20/20 MP: 4/4
   456 | D:4      | Noticed an ogre
   457 | D:4      | Found a glowing drain.
   476 | D:4      | HP: 1/20 [adder (2)]
   477 | D:4      | Reached skill level 4 in Earth Magic
   477 | D:4      | Slain by an adder

Levels and vault maps discovered:
D:1:      mrwooster_arrival_statue, layout_basic, st_stairs_14
D:2:      layout_basic, first_ration, chequers_ecumenical_altar_simple,
          uniq_robin
D:3:      layout_rooms, minmay_pentomino_pile, uniq_crazy_yiuf_cottage,
          uniq_ijyb
D:4:      layout_basic, zin_statuary, portal_sewer_entry_b

Skill      XL: |  1  2 |
---------------+-------+-----
Spellcasting   | 2 |  2.0
Earth Magic    | 4 |  4.0
Dodging        | |  1.7
Stealth        | |  2.1
Transmutations | |  0.8

Action                   || total
-------------------------++-------
Melee: Unarmed           ||     9
       Dagger            ||    15
 Cast: Sandblast         ||     3
 Stab: Sleeping          ||     1
  Eat: Chunk             ||     6
Armor: Robe              ||    15
Dodge: Dodged            ||    17

Table legend:
 A = Non-vault XP
 B = Vault XP
 C = Vault XP percentage of total XP
 D = Non-vault monster count
 E = Vault monster count
 F = Vault count percentage of total count
                 A         B        C        D         E       F
            +---------+---------+-------+---------+---------+-------
      Total |      22 |       1 |   4.3 |      10 |       1 |   9.1
            +---------+---------+-------+---------+---------+-------
        D:1 |      12 |       0 |   0.0 |       4 |       0 |   0.0
        D:2 |       6 |       0 |   0.0 |       4 |       0 |   0.0
        D:3 |       4 |       0 |   0.0 |       2 |       0 |   0.0
        D:4 |       0 |       1 | 100.0 |       0 |       1 | 100.0
            +---------+---------+-------+---------+---------+-------
